 Dungeon Crawl Stone Soup version bcrawl-1.20 (webtiles) character file.

Game seed: 6476689832609834702

6004 Mrkan the Cleaver (level 10, 0/91 HPs)
             Began as a Minotaur Fighter on Jan 17, 2020.
             Was a Believer of Trog.
             Slain by Erica
             ... wielding a +2 scimitar of flaming
              (7 damage)
             ... on level 8 of the Dungeon.
             The game lasted 00:13:17 (7567 turns).

Mrkan the Cleaver (Minotaur Fighter)                Turns: 7567, Time: 00:13:18

Health: 0/91       AC: 15    Str: 20    XL:     10   Next: 56%
Magic:  18/18      EV:  5    Int:  5    God:    Trog [**....]
Gold:   478        SH: 13    Dex: 14    Spells: 9/9 levels left

rFire    . . .     SeeInvis .   z - +4 broad axe (freeze)
rCold    + + .     Gourm    .   c - +1 shield
rNeg     . . .     Faith    .   o - +0 plate armour {rC+}
rPois    .         Spirit   .   (helmet restricted)
rElec    .         Reflect  .   p - scarf {repulsion}
rCorr    .         Harm     .   u - +0 pair of gloves
MR       .....                  (no boots)
Stlth    ..........             (no amulet)
HPRegen  0.25/turn              D - ring of protection from cold
MPRegen  0.16/turn              y - ring of magical power

@: lethally poisoned (0 -> -23), slowed, repel missiles, very slow
A: retaliatory headbutt, horns 2
a: Berserk, Trog's Hand, Renounce Religion


You were on level 8 of the Dungeon.
You worshipped Trog.
Trog was pleased with you.
You were not hungry.

You visited 1 branch of the dungeon, and saw 8 of its levels.

You collected 611 gold pieces.
You spent 133 gold pieces at shops.

Inventory:

Hand Weapons
 z - a +4 broad axe of freezing (weapon)
Armour
 c - a +1 shield (worn)
 o - a +0 plate armour of cold resistance (worn)
 p - a scarf of repulsion (worn)
 u - a +0 pair of gloves (worn)
Jewellery
 y - a ring of magical power (right hand)
 D - a ring of protection from cold (left hand)
Scrolls
 f - 5 scrolls of fog
 g - 3 scrolls of enchant armour
 k - 2 scrolls of remove curse
 q - 5 scrolls of teleportation
Potions
 d - a potion of might
 h - 2 potions of invisibility
 i - a potion of degeneration {unknown}
 j - 3 potions of mutation
 l - 7 potions of curing
 m - 2 potions of haste
 n - a potion of cancellation {unknown}
 s - 2 potions of heal wounds
 w - a potion of brilliance {unknown}
 C - a potion of lignification {unknown}
Comestibles
 e - 14 rations {!d}


   Skills:
 + Level 9.3 Fighting
 * Level 12.0 Axes
 + Level 9.3 Armour
 + Level 9.3 Shields


You had 9 spell levels left.
You didn't know any spells.
Your spell library was empty.

Dungeon Overview and Level Annotations

Branches:
Dungeon (8/12)             Temple (0/1) D:6
   Lair: D:7-9          Orc: D:8-11

Altars:
Hepliaklqana
Lugonu
Makhleb
Nemelex Xobeh
Ru
Trog
Vehumet
Wu Jian

Shops:
D:5 (   D:6 }

Annotations:
D:8 Erica


Innate Abilities, Weirdness & Mutations

You reflexively headbutt those who attack you in melee.
You have a pair of horns on your head.


Message History

The bolt of poison hits you!
You are more poisoned.
Your plate armour prevents you from hitting something.
You feel very sick. Something hits you. Something burns you.
You hear some strange, mumbled words.
A bolt of poison appears from out of thin air!
The bolt of poison hits you!
You are lethally poisoned!
* * * LOW HITPOINT WARNING * * *
A sky beast comes into view.
You hit something. You freeze something.
* * * LOW HITPOINT WARNING * * *
You feel very sick. Something hits you but does no damage.
You closely miss something.
* * * LOW HITPOINT WARNING * * *
You feel very sick.
The sky beast flickers out of sight!
Something hits you!
You die...

.# .#.# .. .. .
..#[# .. ## ...
....# ..
###.###...#
#.....#...#
#.#.#.#..% ..
##.....#..# ..#
#..#.#.#..#########
...
...........@{$..{{#
..#
#####..#.#######.#
..# ###.#.# ..#
#####.....# ...
..........#
####......#
#####.....#
..........#
###.###..###


There were no monsters in sight!

Vanquished Creatures
  A centaur warrior (D:6)
  A cyclops (D:7)
  An ugly thing (D:6)
  A gargoyle (D:8)
  2 hippogriffs
  6 yaks
  2 hogs (D:7)
  A human (D:7)
  A hungry ghost (D:7)
  A crocodile (D:8)
  3 sky beasts
  An orc warrior (D:7)
  2 ice beasts (D:6)
  A phantom (D:4)
  2 ogres
  2 centaurs
  A big kobold (D:8)
  A scorpion (D:5)
  2 howler monkeys
  4 crimson imps
  2 centaur zombies
  A hound (D:4)
  A bullfrog skeleton (D:7)
  A gnoll shaman (D:5)
  4 orc priests
  4 orc wizards
  Natasha (thrice) (D:4)
  6 worker ants
  A hound zombie (D:8)
  A hound skeleton (D:5)
  8 gnolls
  4 adders
  A shadow imp (D:8)
  An ooze (D:4)
  A worm (D:2)
  2 leopard geckos
  16 orcs
  2 ball pythons
  2 bats
  2 giant cockroaches
  3 goblins
  7 hobgoblins
  3 jackals (D:5)
  8 kobolds
  A quokka (D:3)
  2 frilled lizards
  3 rats (D:1)
126 creatures vanquished.

Vanquished Creatures (others)
  A wizard (D:3)
1 creature vanquished.

Grand Total: 127 creatures vanquished

Notes
Turn   | Place    | Note
-------+----------+-------------------------------------------
     0 | D:1      | Mrkan the Minotaur Fighter began the quest for the Orb.
     0 | D:1      | Reached XP level 1. HP: 19/19 MP: 0/0
    57 | D:1      | Reached XP level 2. HP: 21/27 MP: 1/1
   222 | D:1      | Reached skill level 3 in Axes
   764 | D:2      | Reached XP level 3. HP: 31/33 MP: 2/2
  1379 | D:3      | Reached skill level 4 in Axes
  1379 | D:3      | Reached XP level 4. HP: 40/40 MP: 3/3
  1685 | D:3      | Reached XP level 5. HP: 47/47 MP: 4/4
  1915 | D:3      | Noticed a sky beast
  1925 | D:3      | Killed a sky beast
  1925 | D:3      | Reached skill level 5 in Axes
  1933 | D:3      | Reached XP level 6. HP: 29/55 MP: 5/5
  2157 | D:3      | Found a bloodstained altar of Trog.
  2158 | D:3      | Noticed a wizard
  2163 | D:3      | Became a worshipper of Trog the Wrathful
  2163 | D:3      | Killed a wizard
  2266 | D:4      | Reached skill level 5 in Fighting
  2266 | D:4      | Reached skill level 5 in Armour
  2266 | D:4      | Reached skill level 5 in Shields
  2701 | D:4      | Noticed Natasha
  2713 | D:4      | Killed Natasha
  2713 | D:4      | Reached skill level 6 in Axes
  2791 | D:4      | Noticed Natasha
  2797 | D:4      | Killed Natasha
  2797 | D:4      | Reached XP level 7. HP: 44/61 MP: 6/6
  3089 | D:4      | Noticed Natasha
  3099 | D:4      | Killed Natasha
  3362 | D:4      | Found a burning altar of Makhleb.
  3554 | D:4      | Found an ornate altar of the Wu Jian Council.
  3618 | D:5      | Entered Level 5 of the Dungeon
  3649 | D:5      | Reached * piety under Trog
  3657 | D:5      | Reached skill level 7 in Axes
  4219 | D:5      | Found Vynyts's Antique Weapon Shop.
  4235 | D:5      | Reached XP level 8. HP: 70/70 MP: 7/7
  4241 | D:5      | Bought a runed broad axe for 133 gold pieces
  4656 | D:5      | Found a corrupted altar of Lugonu.
  4874 | D:6      | Reached skill level 8 in Axes
  4928 | D:6      | Found a hazy altar of Hepliaklqana.
  4928 | D:6      | Noticed a cyan ugly thing
  4939 | D:6      | Killed a cyan ugly thing
  4939 | D:6      | Reached skill level 9 in Axes
  5164 | D:6      | Found Qevak's Gadget Shop.
  5298 | D:6      | Noticed a centaur warrior
  5313 | D:6      | Killed a centaur warrior
  5313 | D:6      | Reached XP level 9. HP: 46/80 MP: 8/8
  5466 | D:6      | Found a staircase to the Ecumenical Temple.
  5487 | D:6      | Found a sparkling altar of Nemelex Xobeh.
  5630 | D:6      | Reached skill level 10 in Axes
  6447 | D:7      | Reached skill level 11 in Axes
  6447 | D:7      | Reached XP level 10. HP: 52/90 MP: 9/9
  6691 | D:7      | Reached ** piety under Trog
  6742 | D:7      | Noticed a cyclops
  6750 | D:7      | Killed a cyclops
  7027 | D:8      | Noticed a gargoyle
  7037 | D:8      | Killed a gargoyle
  7158 | D:8      | Found a radiant altar of Vehumet.
  7201 | D:8      | Reached skill level 12 in Axes
  7370 | D:8      | Found a sacrificial altar of Ru.
  7555 | D:8      | Noticed Erica
  7567 | D:8      | Slain by Erica

Skill      XL: |  1  2  3  4  5  6  7  8  9 10 |
---------------+-------------------------------+-----
Axes           | 3 4 5 6 7 9 11 12 | 12.0
Fighting       | 4 5 6 7 8 9 |  9.3
Armour         | 4 5 6 7 8 9 |  9.3
Shields        | 4 5 6 7 8 9 |  9.3

Action                   |  1- 3 |  4- 6 |  7- 9 | 10-12 || total
-------------------------+-------+-------+-------+-------++-------
Melee: War axe           |    62 |   114 |   104 |       ||   280
       Headbutt          |     4 |    16 |    37 |    16 ||    73
       Broad axe         |       |       |    95 |    80 ||   175
  Use: Scroll            |       |     4 |       |    11 ||    15
       Potion            |       |     1 |       |       ||     1
  Eat: Ration            |       |     1 |     1 |       ||     2
       Chunk             |       |     3 |    12 |     4 ||    19
Armor: Scale mail        |    17 |       |       |       ||    17
       Plate armour      |    22 |    73 |   134 |    34 ||   263
Dodge: Dodged            |     9 |    12 |    23 |     7 ||    51
       Deflected         |       |       |     1 |       ||     1
Block: Shield            |    29 |    65 |   124 |    51 ||   269
